[Event "Titled Tuesday Blitz February 28 Late 2023"]
[White "Aung Thant Zin"]
[Black "Cheng, Xiao"]
[WhiteFideId "13000063"]
[BlackFideId "2022915"]
[WhiteElo "2278"]
[BlackElo "2523"]
[Result "1-0"]
[Round "04"]
[TimeControl "180+2"]
[Date "2023.02.28"]
[WhiteClock "0:00:26"]
[BlackClock "0:00:21"]

1. e4 c5 2. Nf3 e6 3. d4 cxd4 4. Nxd4 Nc6 5. Nc3 a6 6. Be3 Qc7 7. Bd3 Nge7 8. O-O Nxd4 9. Bxd4 Nc6 10. Be3 d6 11. f4 Be7 12. Kh1 b5 13. a3 Bb7 14. Qe2 O-O 15. Rad1 Rfd8 16. Qf2 Qd7 17. Bb6 Rdc8 18. e5 d5 19. Ne2 Bf8 20. Be3 b4 21. a4 b3 22. c3 Na5 23. Nd4 Nc4 24. Bc1 Qxa4 25. Rde1 g6 26. g4 Bg7 27. Qg3 Qd7 28. f5 exf5 29. gxf5 Re8 30. e6 fxe6 31. fxg6 e5 32. Rf7 Re7 33. Bf5 Rxf7 34. Bxd7 Rxd7 35. Qh3 Rad8 36. Qxh7+ Kf8 37. Rf1+ Ke7 38. Qxg7+ Kd6 39. Qf6+ Kc5 40. Ne6+ Kb5 41. Nxd8 d4+ 42. Nxb7 d3 43. Nd8 Rd6 44. Qg5 d2 45. Bxd2 Nxd2 46. Qxe5+ Kc4 47. Qxd6 Ne4 48. Qd4+ Kb5 49. Qxe4 a5 50. Qc6# 1-0


[Site "https://www.chess.com"]

[Event "Titled Tuesday Blitz February 28 Late 2023"]
[White "Bernadskiy, Vitaliy"]
[Black "Eckert, Doug"]
[WhiteFideId "14100371"]
[BlackFideId "2001993"]
[WhiteElo "2488"]
[BlackElo "2202"]
[Result "1-0"]
[Round "04"]
[TimeControl "180+2"]
[Date "2023.02.28"]
[WhiteClock "0:02:13"]
[BlackClock "0:00:35"]

1. d4 Nf6 2. c3 d5 3. e3 e6 4. Be2 c5 5. Nd2 Nc6 6. Ngf3 Qc7 7. O-O Be7 8. dxc5 Bxc5 9. b4 Be7 10. Bb2 O-O 11. Rc1 a6 12. a4 Bd7 13. b5 axb5 14. axb5 Na5 15. c4 dxc4 16. Nxc4 Nxc4 17. Bxc4 Qd8 18. Qb3 Rc8 19. Rfd1 Qe8 20. h3 b6 21. Bd4 Bc5 22. Bxf6 gxf6 23. Nh2 f5 24. Nf1 Qe7 25. Ng3 Rfd8 26. Nh5 Qg5 27. Nf4 Qg7 28. Rd3 Be8 29. Rcd1 Rxd3 30. Rxd3 Qf6 31. Qd1 Kg7 32. Nh5+ 1-0


[Site "https://www.chess.com"]

[Event "Titled Tuesday Blitz February 28 Late 2023"]
[White "Melkumyan, Hrant"]
[Black "Chan, Kim Yew"]
[WhiteFideId "13302485"]
[BlackFideId "5717981"]
[WhiteElo "2604"]
[BlackElo "2206"]
[Result "1-0"]
[Round "04"]
[TimeControl "180+2"]
[Date "2023.02.28"]
[WhiteClock "0:01:13"]
[BlackClock "0:00:02"]

1. c4 c5 2. Nf3 Nf6 3. g3 Nc6 4. Bg2 d5 5. cxd5 Nxd5 6. O-O e5 7. Nc3 Nc7 8. d3 Be7 9. a3 O-O 10. Be3 Bd7 11. Nd2 Rc8 12. Nc4 f6 13. b4 cxb4 14. axb4 Bxb4 15. Qb3 Bxc3 16. Qxc3 Be6 17. Rfb1 Nd5 18. Qa3 b6 19. Nd6 Rc7 20. Nb5 Rd7 21. Rc1 Nce7 22. Nxa7 Nxe3 23. fxe3 Nd5 24. Nc6 Qe8 25. Bxd5 Bxd5 26. e4 Be6 27. Rab1 Qh5 28. Rc2 Qh6 29. Qc1 Qh5 30. Rxb6 Bg4 31. Qe3 Ra8 32. Rb1 h6 33. Rbc1 Qf7 34. Nb4 Kh7 35. Nd5 Be6 36. Nb6 Raa7 37. Nxd7 Rxd7 38. Qb6 Rb7 39. Qf2 Rd7 40. Rc6 Rb7 41. Qc5 Bg4 42. Qe3 Rb2 43. R6c2 Rb7 44. h4 Qb3 45. Kf2 h5 46. Rc7 Qb2 47. Rxb7 Qxb7 48. d4 exd4 49. Qxd4 Qb3 50. Qe3 Qb2 51. e5 fxe5 52. Rc5 1-0


[Site "https://www.chess.com"]

[Event "Titled Tuesday Blitz February 28 Late 2023"]
[White "Jovic, Stanoje"]
[Black "Al-Tarboush, Ward"]
[WhiteFideId "905020"]
[BlackFideId "7601450"]
[WhiteElo "2236"]
[BlackElo "2267"]
[Result "1-0"]
[Round "04"]
[TimeControl "180+2"]
[Date "2023.02.28"]
[WhiteClock "0:00:46"]
[BlackClock "0:00:39"]

1. c4 c5 2. g3 Nc6 3. Bg2 g6 4. Nc3 Bg7 5. Nf3 Nh6 6. h4 Nf5 7. h5 d6 8. Nd5 e6 9. Nf4 g5 10. Nd3 h6 11. e3 Bd7 12. g4 Nfe7 13. Ng1 Qc7 14. f4 gxf4 15. Nxf4 Ne5 16. d3 Bc6 17. e4 f5 18. Nxe6 Qa5+ 19. Bd2 Nxd3+ 20. Ke2 Qa6 21. Nxg7+ Kf7 22. Kxd3 fxe4+ 23. Kc2 Qxc4+ 24. Bc3 Nd5 25. Qf1+ Qxf1 26. Rxf1+ Ke7 27. Nf5+ Kd7 28. Ne2 Rhg8 29. Nxh6 Ne3+ 30. Kd2 Nxg2 31. Nxg8 Rxg8 32. h6 e3+ 33. Kc1 Bb5 34. h7 Re8 35. Rf7+ Kc6 36. Nf4 Bc4 37. Nxg2 Bxf7 38. h8=Q Rxh8 39. Rxh8 d5 40. Rh6+ Kb5 41. Nxe3 d4 42. Nd1 dxc3 43. Nxc3+ Kc4 44. g5 b5 45. Kd2 b4 46. Rh4# 1-0


[Site "https://www.chess.com"]

[Event "Titled Tuesday Blitz February 28 Late 2023"]
[White "Forgacs, Attila Jr."]
[Black "Diaz Perez, Michel Alejandro"]
[WhiteFideId "773654"]
[BlackFideId "3517179"]
[WhiteElo "2168"]
[BlackElo "2333"]
[Result "0-1"]
[Round "04"]
[TimeControl "180+2"]
[Date "2023.02.28"]
[WhiteClock "0:00:46"]
[BlackClock "0:01:34"]

1. e4 d5 2. exd5 Nf6 3. Nc3 Nxd5 4. Ne4 Bf5 5. Ng3 Bg6 6. d3 e6 7. Nf3 Bb4+ 8. Bd2 Be7 9. Ne5 Nd7 10. Nxg6 hxg6 11. c4 N5f6 12. d4 c6 13. Bd3 Bd6 14. Bc3 Qc7 15. Qf3 c5 16. dxc5 Nxc5 17. Bc2 Be5 18. O-O-O Bxc3 19. Qxc3 Rc8 20. b4 Ncd7 21. c5 b6 22. Ba4 bxc5 23. Ne4 O-O 24. Nxf6+ Nxf6 25. bxc5 Qf4+ 26. Rd2 Qxa4 27. h4 Ne4 28. Qc2 Rxc5 29. Qxc5 Nxc5 30. h5 Rc8 31. hxg6 Nb3+ 32. Kd1 Nxd2+ 33. Kxd2 Qxa2+ 34. Ke3 Rc3+ 0-1


[Site "https://www.chess.com"]

[Event "Titled Tuesday Blitz February 28 Late 2023"]
[White "Hoffmann, Asa"]
[Black "Plenca, Jadranko"]
[WhiteFideId "2001470"]
[BlackFideId "14527146"]
[WhiteElo "2117"]
[BlackElo "2491"]
[Result "0-1"]
[Round "04"]
[TimeControl "180+2"]
[Date "2023.02.28"]
[WhiteClock "0:01:58"]
[BlackClock "0:02:21"]

1. d4 Nf6 2. Bg5 g6 3. Nc3 d5 4. f3 Bg7 5. e4 dxe4 6. fxe4 c5 7. d5 Qa5 8. Qd2 a6 9. Nf3 b5 10. e5 Nfd7 11. O-O-O b4 12. Nb1 Qxa2 13. e6 Qxb2# 0-1


[Site "https://www.chess.com"]

[Event "Titled Tuesday Blitz February 28 Late 2023"]
[White "Pein, Jonathan"]
[Black "Sebag, Marie"]
[WhiteFideId "417092"]
[BlackFideId "617822"]
[WhiteElo "2151"]
[BlackElo "2440"]
[Result "0-1"]
[Round "04"]
[TimeControl "180+2"]
[Date "2023.02.28"]
[WhiteClock "0:01:00"]
[BlackClock "0:00:28"]

1. e4 c6 2. b3 d5 3. Bb2 dxe4 4. Nc3 Nf6 5. Nge2 Bf5 6. Ng3 Bg6 7. h4 h6 8. h5 Bh7 9. Qe2 e6 10. Ngxe4 Be7 11. O-O-O Nbd7 12. Kb1 Qc7 13. g3 O-O-O 14. Bg2 Kb8 15. a4 Nd5 16. Rhe1 Rhe8 17. Qf1 Nb4 18. d3 Nd5 19. Nd2 Bb4 20. Na2 Bf8 21. Nc4 f6 22. Qh1 e5 23. a5 Nc5 24. d4 exd4 25. Rxe8 Rxe8 26. Bxd5 cxd5 27. Qxd5 Nxb3 28. a6 bxa6 29. Rd3 Re1+ 30. Nc1 Bxd3 31. cxd3 Nxc1 32. Bxc1 Qb7+ 33. Qxb7+ Kxb7 34. Kc2 Rf1 35. Na5+ Kb6 36. Nc4+ Kb5 37. f4 Rf2+ 38. Kb3 Rf3 39. g4 Rxd3+ 0-1


[Site "https://www.chess.com"]

[Event "Titled Tuesday Blitz February 28 Late 2023"]
[White "Kovalevsky, Stanislav"]
[Black "Di Berardino, Diego Rafael"]
[WhiteFideId "13508598"]
[BlackFideId "2105446"]
[WhiteElo "2220"]
[BlackElo "2432"]
[Result "1-0"]
[Round "04"]
[TimeControl "180+2"]
[Date "2023.02.28"]
[WhiteClock "0:00:20"]
[BlackClock "0:00:03"]

1. c4 e5 2. Nc3 Nf6 3. g3 d5 4. cxd5 Nxd5 5. Bg2 Nb6 6. e3 h5 7. d4 exd4 8. Qxd4 Qxd4 9. exd4 Nc6 10. Nf3 h4 11. gxh4 Bg4 12. Ne5 Nxe5 13. dxe5 O-O-O 14. Bg5 Re8 15. O-O Rxe5 16. Rfe1 Rxe1+ 17. Rxe1 Bd6 18. Nb5 f6 19. Nxd6+ cxd6 20. Bf4 Kd7 21. Bxb7 Rxh4 22. Bg3 Rh8 23. Ba6 Bf3 24. Bb5+ Bc6 25. Bxc6+ Kxc6 26. Re7 a5 27. Rxg7 a4 28. Rg4 d5 29. Rf4 Rf8 30. h4 Nc4 31. b3 axb3 32. axb3 Nd6 33. f3 f5 34. Ra4 Nb5 35. Be5 Re8 36. f4 Rg8+ 37. Kf2 Rg4 38. Bf6 d4 39. Bg5 d3 40. Rc4+ Kd5 41. Rc8 d2 42. Rd8+ Nd6 43. Ke2 Rg2+ 44. Kd1 Kc6 45. Rxd6+ Kxd6 46. h5 Rh2 47. h6 Kd5 48. h7 Rxh7 49. Kxd2 Rh3 50. Kc2 Ke4 51. b4 Kd5 52. Be7 Kc4 53. Bc5 Rh2+ 54. Kd1 Rg2 55. Ke1 Rg4 56. Bd6 Rg2 57. Kf1 Rb2 58. Ke1 Kd3 59. Bc5 Ke4 60. Bd6 Kd5 61. Bc5 Rb3 62. Ke2 Ke4 63. Bd6 Rb2+ 64. Ke1 Ke3 65. Kf1 Kf3 66. Ke1 Ke3 67. Kf1 Kd3 68. Bc5 Kc4 69. Ke1 Kb5 70. Kd1 Kc6 71. Kc1 Rf2 72. Bxf2 Kb5 73. Bc5 1-0


[Site "https://www.chess.com"]

[Event "Titled Tuesday Blitz February 28 Late 2023"]
[White "Bouget, Alexandre"]
[Black "Paszewski, Mateusz"]
[WhiteFideId "681318"]
[BlackFideId "1141058"]
[WhiteElo "2177"]
[BlackElo "2223"]
[Result "0-1"]
[Round "04"]
[TimeControl "180+2"]
[Date "2023.02.28"]
[WhiteClock "0:00:34"]
[BlackClock "0:00:40"]

1. d4 d5 2. c4 e6 3. Nc3 a6 4. cxd5 exd5 5. Qb3 c6 6. e4 dxe4 7. Bc4 Qe7 8. a4 Nf6 9. Nh3 h6 10. Nf4 g5 11. Nfe2 Bg7 12. h4 g4 13. Ng3 O-O 14. O-O c5 15. d5 Nbd7 16. Re1 Ne5 17. Ncxe4 Nxe4 18. Rxe4 Qxh4 19. Bf1 f5 20. d6+ Kh8 21. Re1 f4 22. Ne2 Nf3+ 23. gxf3 g3 24. fxg3 fxg3 25. Bg2 Qh2+ 26. Kf1 Bh3 27. Nf4 Rxf4 28. Bxh3 Qf2# 0-1


[Site "https://www.chess.com"]

[Event "Titled Tuesday Blitz February 28 Late 2023"]
[White "Guzman Moneo, Alberto"]
[Black "Postma, Dinant"]
[WhiteFideId "2209616"]
[BlackFideId "1018612"]
[WhiteElo "2157"]
[BlackElo "2567"]
[Result "1-0"]
[Round "04"]
[TimeControl "180+2"]
[Date "2023.02.28"]
[WhiteClock "0:00:43"]
[BlackClock "0:00:05"]

1. e4 c5 2. Nc3 e6 3. Nge2 Nc6 4. g3 d5 5. exd5 exd5 6. d4 Nf6 7. Bg2 cxd4 8. Nxd4 Bc5 9. Be3 O-O 10. Nxc6 bxc6 11. Bxc5 Re8+ 12. Ne2 Ba6 13. Bf3 Ne4 14. Be3 Qf6 15. Bxe4 Rxe4 16. O-O d4 17. Bxd4 Bxe2 18. Bxf6 Bxd1 19. Raxd1 gxf6 20. Rd6 Re6 21. Rfd1 Rb8 22. Rd8+ Rxd8 23. Rxd8+ Kg7 24. Kf1 Re5 25. Rc8 Rc5 26. c3 f5 27. Ke1 Kf6 28. Kd2 a5 29. a4 Ke7 30. b3 Rd5+ 31. Kc2 Kd7 32. Rf8 Ke7 33. Ra8 Re5 34. Kd3 Rd5+ 35. Kc4 Rd2 36. f4 Rxh2 37. Rxa5 Rh3 38. Rxf5 Rxg3 39. Kc5 Rxc3+ 40. Kb4 Rh3 41. a5 Rh1 42. a6 Rd1 43. Rh5 Rd7 44. Rxh7 Kd6 45. Ka5 Kc7 46. Rh5 Rd1 47. Rf5 Ra1+ 48. Kb4 Rxa6 49. Rxf7+ Kd6 50. Rf6+ Ke7 51. Rf5 Ke6 52. Re5+ Kd6 53. Rh5 Rb6+ 54. Kc4 Rb8 55. b4 Ke6 56. Rh6+ Kd7 57. f5 Rf8 58. f6 Kd6 59. f7+ Kd7 60. Rh7 Ke7 61. Kc5 Kd7 62. Kb6 Kd6 63. Rh6+ Kd7 64. Rf6 Ke7 65. Rf1 Rb8+ 66. Kxc6 Kf8 67. b5 Rc8+ 68. Kb6 1-0


[Site "https://www.chess.com"]

[Event "Titled Tuesday Blitz February 28 Late 2023"]
[White "Karttunen, Mika"]
[Black "Carrasco Miranda, Andres"]
[WhiteFideId "502081"]
[BlackFideId "3405990"]
[WhiteElo "2396"]
[BlackElo "2183"]
[Result "1-0"]
[Round "04"]
[TimeControl "180+2"]
[Date "2023.02.28"]
[WhiteClock "0:00:39"]
[BlackClock "0:00:04"]

1. d4 Nf6 2. c4 g6 3. Nc3 d5 4. cxd5 Nxd5 5. e4 Nxc3 6. bxc3 Bg7 7. Be3 c5 8. Nf3 Qa5 9. Qd2 O-O 10. Rb1 Rd8 11. Rb5 Qa3 12. Rxc5 Qxc5 13. dxc5 Rxd2 14. Kxd2 Bg4 15. Nd4 Nc6 16. f3 Bd7 17. Nb3 a5 18. a4 f5 19. e5 Nxe5 20. f4 Ng4 21. Bc4+ Kf8 22. Bd4 Bxa4 23. h3 Nf6 24. Ra1 Bc6 25. Rxa5 Rxa5 26. Nxa5 Bxg2 27. h4 Nh5 28. Ke3 Bh6 29. Be6 Nxf4 30. Bc8 Ne6+ 31. Kf2 Nxd4 32. cxd4 Bd5 33. Bxb7 e6 34. Bxd5 exd5 35. Nc6 Bf4 36. Nb4 Ke7 37. Nxd5+ Kd7 38. Nxf4 1-0


[Site "https://www.chess.com"]

[Event "Titled Tuesday Blitz February 28 Late 2023"]
[White "Figorito, Nick"]
[Black "Defend, Balint"]
[WhiteFideId "30923689"]
[BlackFideId "17004853"]
[WhiteElo "2369"]
[BlackElo "2559"]
[Result "1-0"]
[Round "04"]
[TimeControl "180+2"]
[Date "2023.02.28"]
[WhiteClock "0:01:45"]
[BlackClock "0:02:19"]

1. Nf3 Nf6 2. g3 c5 3. Bg2 d5 4. O-O g6 5. d4 cxd4 6. Nxd4 e5 7. Nb3 Bg7 8. c4 d4 9. e3 dxe3 10. Qxd8+ Kxd8 11. Bxe3 Nc6 12. Nc3 a6 13. Bg5 Be6 14. Rad1+ Kc7 15. Nd5+ Bxd5 16. cxd5 Nd4 17. Nxd4 exd4 18. Rxd4 Nd7 19. Rc4+ Kd6 20. Bf4+ Be5 21. Rfc1 Bxf4 22. Rxf4 f5 23. Rfc4 Rab8 24. Re1 Rbc8 25. Re6# 1-0


[Site "https://www.chess.com"]

[Event "Titled Tuesday Blitz February 28 Late 2023"]
[White "Yurovskykh, Oleksandr"]
[Black "Yano, William Jorge Froes"]
[WhiteFideId "14134020"]
[BlackFideId "2112949"]
[WhiteElo "2268"]
[BlackElo "2122"]
[Result "1-0"]
[Round "04"]
[TimeControl "180+2"]
[Date "2023.02.28"]
[WhiteClock "0:00:19"]
[BlackClock "0:00:22"]

1. d4 Nf6 2. Nf3 g6 3. Bg5 Bg7 4. Nbd2 O-O 5. c3 c5 6. Bxf6 Bxf6 7. Ne4 Bg7 8. Nxc5 b6 9. Nb3 Ba6 10. e3 Bxf1 11. Kxf1 d5 12. g3 Nd7 13. Kg2 Rc8 14. Nbd2 e5 15. dxe5 Nxe5 16. Nxe5 Bxe5 17. Nf3 Bg7 18. Qb3 Qd7 19. Rhd1 Rfd8 20. Rd3 Qf5 21. Rad1 Rc5 22. Nd4 Qh5 23. R1d2 Rd6 24. Ne2 Bh6 25. Qa4 Rf6 26. Nf4 Bxf4 27. exf4 Qf5 28. Qe8+ Kg7 29. Qe5 Qxe5 30. fxe5 Re6 31. f4 f6 32. Rxd5 fxe5 33. Rxc5 bxc5 34. Re2 Kf6 35. Rxe5 Rb6 36. b3 Ra6 37. Re2 h5 38. Kf3 g5 39. fxg5+ Kxg5 40. h4+ Kg6 41. Ke3 Kf5 42. Kf3 Rd6 43. c4 Rd3+ 44. Kg2 Kg4 45. Re4+ Kf5 46. Rf4+ Ke5 47. Rf3 Rd2+ 48. Rf2 Rd3 49. Kh3 Re3 50. Rf8 Re2 51. Re8+ 1-0


[Site "https://www.chess.com"]

[Event "Titled Tuesday Blitz February 28 Late 2023"]
[White "Nefedov, Sergey"]
[Black "Vaglio Munoz, Jaime"]
[WhiteFideId "24113417"]
[BlackFideId "6500145"]
[WhiteElo "2227"]
[BlackElo "2199"]
[Result "1-0"]
[Round "04"]
[TimeControl "180+2"]
[Date "2023.02.28"]
[WhiteClock "0:01:09"]
[BlackClock "0:00:55"]

1. e4 e6 2. d4 d5 3. e5 c5 4. Nf3 Qb6 5. Bd3 Bd7 6. O-O Bb5 7. Bxb5+ Qxb5 8. Na3 Qb6 9. c4 Ne7 10. dxc5 Qxc5 11. Be3 Qa5 12. Nb5 Nf5 13. Rc1 a6 14. cxd5 Qxb5 15. dxe6 Nc6 16. Qd7# 1-0


[Site "https://www.chess.com"]

[Event "Titled Tuesday Blitz February 28 Late 2023"]
[White "Ehlvest, Jaan"]
[Black "Abdyzhaparov, Aidar"]
[WhiteFideId "4500016"]
[BlackFideId "13800361"]
[WhiteElo "2442"]
[BlackElo "2002"]
[Result "1-0"]
[Round "04"]
[TimeControl "180+2"]
[Date "2023.02.28"]
[WhiteClock "0:00:47"]
[BlackClock "0:00:12"]

1. e4 d6 2. d4 Nf6 3. Nc3 e5 4. Nf3 Nbd7 5. Bc4 Be7 6. O-O O-O 7. h3 c6 8. a4 b6 9. Re1 a6 10. d5 c5 11. Bf1 Kh8 12. Nd2 Ng8 13. Nc4 Ndf6 14. f4 exf4 15. Bxf4 Ne8 16. e5 dxe5 17. Nxe5 Bd6 18. Bd3 Ngf6 19. Qf3 Bb7 20. Rad1 Qc7 21. Bc4 Rd8 22. g4 g6 23. Bh6 Bxe5 24. Bxf8 Kg8 25. Bh6 Nd7 26. Rf1 Nd6 27. b3 Bd4+ 28. Rxd4 cxd4 29. Ne4 Ne5 30. Qf6 Ne8 31. d6 1-0


[Site "https://www.chess.com"]

[Event "Titled Tuesday Blitz February 28 Late 2023"]
[White "Szente Varga, Fruzsina"]
[Black "Koc, Przemyslaw"]
[WhiteFideId "712264"]
[BlackFideId "1109081"]
[WhiteElo "1994"]
[BlackElo "2161"]
[Result "0-1"]
[Round "04"]
[TimeControl "180+2"]
[Date "2023.02.28"]
[WhiteClock "0:00:49"]
[BlackClock "0:00:52"]

1. e4 e5 2. Nf3 Nf6 3. Nc3 Nc6 4. d4 exd4 5. Nxd4 Nxe4 6. Nxe4 Qe7 7. f3 d5 8. Bb5 Bd7 9. O-O dxe4 10. Re1 Nxd4 11. Bxd7+ Qxd7 12. Rxe4+ Ne6 13. Qe2 Bc5+ 14. Kh1 O-O 15. Bd2 Bd4 16. c3 Bf6 17. Rg4 Rfe8 18. Qf2 Rad8 19. Be3 Qd1+ 20. Rxd1 Rxd1+ 21. Qg1 Rxg1+ 22. Kxg1 Rd8 23. Kf2 b6 24. a4 a5 25. Ke2 Kf8 26. Rc4 c5 27. b4 axb4 28. cxb4 Bd4 29. Bd2 Ra8 30. a5 b5 31. Rc2 c4 32. f4 Nc7 33. Kf3 f5 34. g4 fxg4+ 35. Kxg4 Kf7 36. Kf5 Re8 37. Bc1 Na6 38. Rd2 Bc3 39. Rd7+ Re7 40. Rd5 Rb7 41. Ba3 Bxb4 42. Bxb4 Nxb4 43. Rc5 Nd3 44. Rc6 Ra7 45. a6 Nb4 46. Rb6 Nxa6 47. Rxb5 Rc7 0-1


[Site "https://www.chess.com"]

[Event "Titled Tuesday Blitz February 28 Late 2023"]
[White "Roberson, Peter T"]
[Black "mohsengabr2002"]
[WhiteFideId "412384"]
[WhiteElo "2346"]
[BlackElo "2340"]
[Result "1-0"]
[Round "04"]
[TimeControl "180+2"]
[Date "2023.02.28"]
[WhiteClock "0:00:15"]
[BlackClock "0:00:18"]

1. d4 d5 2. Bf4 c6 3. Nd2 Qb6 4. Nb3 a5 5. a4 Bf5 6. e3 Nd7 7. Nf3 f6 8. Bd3 Bxd3 9. Qxd3 e6 10. O-O g5 11. Bg3 Ne7 12. e4 Kf7 13. Rae1 h6 14. Nfd2 f5 15. exf5 exf5 16. Rxe7+ Bxe7 17. Qxf5+ Nf6 18. Nf3 Rhg8 19. Re1 Raf8 20. Qe6+ Kg7 21. Qxe7+ Rf7 22. Qc5 Qxc5 23. Nxc5 b6 24. Ne6+ Kh7 25. Ne5 Rb7 26. f3 Rc8 27. b3 c5 28. dxc5 bxc5 29. Nd3 Nd7 30. h4 c4 31. bxc4 Rxc4 32. hxg5 Rxa4 33. gxh6 Kxh6 34. Nec5 Nxc5 35. Nxc5 Rab4 36. Nxb7 Rxb7 37. Ra1 Ra7 38. Ra4 Kg5 39. Be1 Rc7 40. Rxa5 Rxc2 41. Rxd5+ Kf4 42. Rd4+ Ke5 43. Re4+ Kf5 44. Bf2 Ra2 45. g3 Ra3 46. Kg2 Ra2 47. g4+ Kf6 48. Kg3 Kg6 49. Be3 Kf6 50. Bd4+ Kf7 51. g5 Ra4 52. Kg4 Kg6 53. Bf6 Ra2 54. Kf4 Ra4 55. Rxa4 1-0


[Site "https://www.chess.com"]

[Event "Titled Tuesday Blitz February 28 Late 2023"]
[White "Van Foreest, Machteld"]
[Black "Ristic, Nebojsa B"]
[WhiteFideId "1051563"]
[BlackFideId "935468"]
[WhiteElo "2018"]
[BlackElo "2303"]
[Result "0-1"]
[Round "04"]
[TimeControl "180+2"]
[Date "2023.02.28"]
[WhiteClock "0:00:04"]
[BlackClock "0:00:18"]

1. e4 Nc6 2. d4 d6 3. Nf3 Nf6 4. Nc3 g6 5. Bb5 a6 6. Ba4 b5 7. Bb3 Bg7 8. a3 O-O 9. O-O Na5 10. Ba2 Bb7 11. Re1 c5 12. Bg5 cxd4 13. Nxd4 Rc8 14. Qd2 Nc4 15. Bxc4 Rxc4 16. Rad1 Nxe4 17. Nxe4 Rxd4 18. Qf4 Rxd1 19. Rxd1 h6 20. Bh4 g5 21. Bxg5 hxg5 22. Nxg5 e5 23. Qf5 Be4 24. Nxe4 Re8 25. Nxd6 Re7 26. Qg4 Rd7 27. Qb4 Bf8 28. Qg4+ Bg7 29. Qb4 a5 30. Qc5 Bf8 31. Qxe5 Bxd6 32. Qf5 Bxh2+ 33. Kxh2 Qh4+ 34. Qh3 Qxh3+ 35. Kxh3 Rxd1 36. Kg3 Rd2 37. a4 Rxc2 38. axb5 Rxb2 0-1


[Site "https://www.chess.com"]

[Event "Titled Tuesday Blitz February 28 Late 2023"]
[White "Ferreira, Vitor Hugo Vieira"]
[Black "Boder, Jan"]
[WhiteFideId "2119765"]
[BlackFideId "16243226"]
[WhiteElo "2146"]
[BlackElo "2241"]
[Result "1-0"]
[Round "04"]
[TimeControl "180+2"]
[Date "2023.02.28"]
[WhiteClock "0:00:30"]
[BlackClock "0:00:17"]

1. Nf3 c5 2. g3 g6 3. Bg2 Bg7 4. O-O Nc6 5. c4 e5 6. Nc3 d6 7. d3 Nge7 8. Rb1 O-O 9. a3 a5 10. Ne1 Be6 11. Nc2 d5 12. cxd5 Nxd5 13. Ne3 Nde7 14. Ne4 b6 15. Ng5 Bd7 16. Bd2 h6 17. Ne4 Be6 18. b4 axb4 19. axb4 cxb4 20. Bxb4 Nxb4 21. Rxb4 Nd5 22. Nxd5 Bxd5 23. Qb1 f5 24. Nd2 Bxg2 25. Kxg2 Qd5+ 26. e4 Qd8 27. Rxb6 Kh7 28. Rb7 f4 29. Qb5 Ra5 30. Qd7 Qxd7 31. Rxd7 Kh8 32. Nc4 f3+ 33. Kh3 Raa8 34. Kg4 h5+ 35. Kg5 Rad8 36. Rxd8 Rxd8 37. Rd1 Kh7 38. Kh4 Bf6+ 39. Kh3 g5 40. g4 hxg4+ 41. Kxg4 Kg6 42. Kxf3 Rh8 43. Kg2 g4 44. Rb1 Kg5 45. Rb5 Kf4 46. Ne3 Bg5 47. Nd5# 1-0


[Site "https://www.chess.com"]

[Event "Titled Tuesday Blitz February 28 Late 2023"]
[White "Guo, Josh"]
[Black "Lawson, Eric"]
[WhiteFideId "2682427"]
[BlackFideId "2604116"]
[WhiteElo "2337"]
[BlackElo "2505"]
[Result "0-1"]
[Round "04"]
[TimeControl "180+2"]
[Date "2023.02.28"]
[WhiteClock "0:00:01"]
[BlackClock "0:01:32"]

1. e4 c5 2. Nf3 d6 3. d4 cxd4 4. Nxd4 Nf6 5. Nc3 a6 6. Bg5 e6 7. f4 Nbd7 8. Qf3 Qc7 9. O-O-O b5 10. Bxf6 Nxf6 11. e5 Bb7 12. Qe3 Nd5 13. Nxd5 Bxd5 14. Nxb5 axb5 15. Bxb5+ Kd8 16. Rxd5 exd5 17. a4 dxe5 18. Rd1 d4 19. Rxd4+ Kc8 20. Rc4 Qxc4 21. Bxc4 Rxa4 22. Bb3 Ra1+ 23. Kd2 Bb4+ 24. c3 Rd8+ 25. Kc2 Bd6 26. fxe5 Bc7 27. Bc4 Rdd1 28. Qe4 Re1 29. Qxh7 Bxe5 30. Qg8+ Kc7 31. Qxf7+ Kb8 32. Qe8+ Kc7 33. Qf7+ Kb8 34. Qg8+ Kc7 0-1


[Site "https://www.chess.com"]

[Event "Titled Tuesday Blitz February 28 Late 2023"]
[White "ArchibaldCerveza29"]
[Black "Bulgurlu, Okan"]
[BlackFideId "6352316"]
[WhiteElo "2501"]
[BlackElo "2330"]
[Result "1-0"]
[Round "04"]
[TimeControl "180+2"]
[Date "2023.02.28"]
[WhiteClock "0:01:45"]
[BlackClock "0:00:17"]

1. e4 c5 2. Nf3 g6 3. d4 cxd4 4. Nxd4 Bg7 5. Nc3 Nc6 6. Be3 Nf6 7. f3 Qa5 8. Nb3 Qc7 9. Qd2 O-O 10. O-O-O a6 11. h4 h5 12. Bh6 b5 13. g4 b4 14. Nd5 Nxd5 15. exd5 Ne5 16. Bxg7 Kxg7 17. gxh5 d6 18. hxg6 fxg6 19. f4 Ng4 20. Bh3 Bf5 21. Nd4 b3 22. axb3 Rac8 23. h5 Bxc2 24. Ne6+ Kg8 25. Nxc7 Rxc7 26. Bxg4 Bf5+ 27. Qc3 Rxc3+ 28. bxc3 Bxg4 29. Rdg1 Rxf4 30. Rh4 gxh5 31. Rxh5 Kf7 32. Rh7+ Kg6 33. Rxe7 Kf5 34. Rf7+ Ke4 35. Rxf4+ Kxf4 36. Kd2 Bf3 37. c4 Ke5 38. Kc3 Ke4 39. Re1+ Kf4 40. Kd4 Bg4 41. Rf1+ Kg3 42. b4 Be2 43. Rf8 Kg4 44. c5 dxc5+ 45. bxc5 a5 46. c6 Ba6 47. c7 a4 48. Ra8 1-0


[Site "https://www.chess.com"]

[Event "Titled Tuesday Blitz February 28 Late 2023"]
[White "Todev, Simeon"]
[Black "Filgueira, Hernan"]
[WhiteFideId "2925133"]
[BlackFideId "101770"]
[WhiteElo "1938"]
[BlackElo "2363"]
[Result "0-1"]
[Round "04"]
[TimeControl "180+2"]
[Date "2023.02.28"]
[WhiteClock "0:00:07"]
[BlackClock "0:01:03"]

1. e4 d6 2. d4 Nf6 3. Nc3 c6 4. f4 Qa5 5. Bd2 Qb6 6. Nf3 Bg4 7. Na4 Qc7 8. Bd3 e5 9. fxe5 dxe5 10. dxe5 Nfd7 11. O-O Nxe5 12. Be2 Bxf3 13. Bxf3 Nbd7 14. Nc3 Bd6 15. Be3 O-O 16. Qe2 b5 17. Rad1 Nc4 18. Bd4 Bxh2+ 19. Kh1 Be5 20. b3 Bxd4 21. Rxd4 Nce5 22. Qf2 Qb6 23. a4 a6 24. Rfd1 Nf6 25. Qg3 Rfe8 26. Ne2 Qc5 27. Rd6 Ng6 28. Nf4 Qe5 29. Nxg6 Qxg3 0-1


[Site "https://www.chess.com"]

[Event "Titled Tuesday Blitz February 28 Late 2023"]
[White "Bilan, Danila"]
[Black "Kostiukov, Alexandr"]
[WhiteFideId "24161918"]
[BlackFideId "14108100"]
[WhiteElo "2182"]
[BlackElo "2202"]
[Result "0-1"]
[Round "04"]
[TimeControl "180+2"]
[Date "2023.02.28"]
[WhiteClock "0:00:05"]
[BlackClock "0:00:13"]

1. d4 g6 2. Nf3 Bg7 3. Bg5 h6 4. Bh4 f5 5. e3 Nf6 6. c4 O-O 7. Nc3 d6 8. Qb3 Kh7 9. Bd3 Nc6 10. O-O-O a6 11. h3 Qe8 12. d5 Ne5 13. Nxe5 dxe5 14. g4 fxg4 15. hxg4 Bxg4 16. Rdg1 e4 17. Nxe4 Nxe4 18. Rxg4 Nxf2 19. Bxf2 Rxf2 20. Bxg6+ Qxg6 21. Rxg6 Kxg6 22. Qd3+ Kf7 23. Rg1 Rg8 24. Rf1 Rxf1+ 25. Qxf1+ Bf6 26. Qh3 Bg5 27. Kc2 Rg6 28. Kd3 Rf6 29. b4 Rf2 30. a4 Ra2 31. a5 Ra3+ 32. Kd4 Bxe3+ 33. Ke4 Bg5 34. Qe6+ Kg7 35. Qd7 Re3+ 36. Kf5 Rf3+ 37. Kg4 Rf4+ 38. Kh5 Rh4# 0-1


[Site "https://www.chess.com"]

[Event "Titled Tuesday Blitz February 28 Late 2023"]
[White "Paspuel, Trosky"]
[Black "Balla, Tamas-Kristof"]
[WhiteFideId "3602150"]
[BlackFideId "1208497"]
[WhiteElo "2314"]
[BlackElo "2334"]
[Result "0-1"]
[Round "04"]
[TimeControl "180+2"]
[Date "2023.02.28"]
[WhiteClock "0:00:01"]
[BlackClock "0:01:12"]

1. c4 c5 2. g3 g6 3. Bg2 Bg7 4. Nc3 Nc6 5. a3 a5 6. d3 Nf6 7. Nf3 O-O 8. O-O e6 9. d4 cxd4 10. Nxd4 d5 11. cxd5 Nxd5 12. Ndb5 Nxc3 13. Nxc3 Bd7 14. Bf4 e5 15. Be3 Nd4 16. Qd3 Bc6 17. Rfd1 Bxg2 18. Kxg2 Qc7 19. Rac1 Qe7 20. Bxd4 exd4 21. Ne4 Rfe8 22. f3 f5 23. Qc4+ Kh8 24. Nf2 Qxe2 25. Rc2 Qxc4 26. Rxc4 Re2 27. Rc7 Rxb2 28. Kg1 Re8 0-1


[Site "https://www.chess.com"]